 Dungeon Crawl Stone Soup version 0.27.0-1-g7a089689b8 (webtiles) character file.

Game seed: 11685000925064207896

5 Spectrina the Ducker (level 1, 0/13 HPs)
             Began as a Deep Elf Monk on Aug 12, 2021.
             Slain by an endoplasm (3 damage)
             ... on level 3 of the Dungeon.
             The game lasted 00:01:20 (227 turns).

Spectrina the Ducker (Deep Elf Monk)                 Turns: 227, Time: 00:01:21

Health: 0/13       AC:  2    Str:  8    XL:     1   Next: 66%
Magic:  3/3        EV: 13    Int: 14    God:
Gold:   41         SH:  0    Dex: 17    Spells: 0/0 levels left

rFire    . . .     SeeInvis .   a - +0 short sword
rCold    . . .     Faith    .   (no shield)
rNeg     . . .     Spirit   .   b - +0 robe
rPois    .         Reflect  .   (no helmet)
rElec    .         Harm     .   (no cloak)
rCorr    .         Rampage  .   (no gloves)
Will     .....                  (no boots)
Stlth    ++........             (no amulet)
HPRegen  0.04/turn              (no ring)
MPRegen  0.08/turn              (no ring)

@: no status effects
A: no striking features
a: no special abilities


You were on level 3 of the Dungeon.
You visited 1 branch of the dungeon, and saw 3 of its levels.

You collected 41 gold pieces.

Inventory:

Hand Weapons
 a - a +0 short sword (weapon)
Armour
 b - a +0 robe (worn)
Scrolls
 c - a scroll of teleportation {unknown}


   Skills:
 - Level 2.4 Fighting
 - Level 3.0 Short Blades
 - Level 3.6 Dodging
 + Level 3.2 Stealth


You couldn't memorise any spells.
You didn't know any spells.
Your spell library was empty.

Dungeon Overview and Level Annotations

Branches:
Dungeon (3/15)

Altars:

Annotations:
D:3 3 runed translucent doors, Krazlmac's ghost, amateur DgFi; boopsy's ghost, amateur OgCK; hilljack's ghost, weakling MiAM


Message History

There is an empty arch of ancient stone here.
An endoplasm comes into view.
The helpless rat fails to defend itself.
You puncture the rat!
You kill the rat!
You see here a rat corpse.
The endoplasm quivers.
There is an empty arch of ancient stone here.
The endoplasm hits you.
You hit the endoplasm but do no damage.
The endoplasm hits you but does no damage.
You hit the endoplasm.
The endoplasm is moderately wounded.
The endoplasm freezes you.
You are frozen.
You hit the endoplasm but do no damage.
The endoplasm is moderately wounded.
The endoplasm closely misses you.
You hit the endoplasm.
The endoplasm is heavily wounded.
The endoplasm closely misses you.
You barely miss the endoplasm.
The endoplasm is heavily wounded.
The endoplasm hits you.
You hit the endoplasm but do no damage.
The endoplasm is heavily wounded.
The endoplasm hits you.
You hit the endoplasm.
The endoplasm is severely wounded.
The endoplasm hits you.
* * * LOW HITPOINT WARNING * * *
You hit the endoplasm.
The endoplasm is almost dead.
The endoplasm freezes you.
You are frozen.
* * * LOW HITPOINT WARNING * * *
You hit the endoplasm but do no damage.
The endoplasm is almost dead.
The endoplasm hits you.
You die...

#..............#
###..............#
....∩..8.....∩..∩#
................#
#.............##
#......∩..8..∩.#
#..†...........#
.#######..............#
......J@∩..∩..∩..8..∩.#
..#####...............#
##..............#
#_.....8..∩..∩.#
####..###.####.# ...#
#......# ### #.######
#.# #.#


You could see an endoplasm.

Vanquished Creatures
  A goblin (D:2)
  A hobgoblin (D:3)
  A bat (D:3)
  2 frilled lizards (D:3)
  A rat (D:3)
6 creatures vanquished.

Vanquished Creatures (others)
  A withered plant (D:3)
1 creature vanquished.

Grand Total: 7 creatures vanquished

Notes
Turn   | Place    | Note
-------+----------+-------------------------------------------
     0 | D:1      | Spectrina the Deep Elf Monk began the quest for the Orb.
     0 | D:1      | Reached XP level 1. HP: 13/13 MP: 3/3
   164 | D:3      | Found a runed translucent gate.
   164 | D:3      | Found a runed translucent gate.
   165 | D:3      | Found a runed translucent gate.
   166 | D:3      | Noticed hilljack's ghost (weakling MiAM)
   167 | D:3      | Noticed Krazlmac's ghost (amateur DgFi)
   167 | D:3      | Noticed boopsy's ghost (amateur OgCK)
   209 | D:3      | Found a faded altar of an unknown god.
   227 | D:3      | Slain by an endoplasm

Illustrated notes

Levels and vault maps discovered:
D:1:      mushboom_english_gardens, layout_basic
D:2:      layout_loops_ring, uniq_robin, uniq_natasha
D:3:      layout_loops_ring, tso_oasis_becter,
          hellmonk_ecumenical_altar_arch_garden, gammafunk_ghost_cemetery,
          minivault_23, roderic_lattice_a, eino_tiny_chamber, uniq_ijyb

Skill      XL: |  1 |
---------------+----+-----
Stealth        | 3 |  3.2
Fighting       | |  2.4
Short Blades   | |  3.0
Dodging        | |  3.6

Action                   || total
-------------------------++-------
Melee: Short sword       ||    15
 Stab: Sleeping          ||     3
Armor: Robe              ||     2
Dodge: Dodged            ||     3
